 Dungeon Sprint DCSS version 0.24.1-14-gf8d2b509d9 (webtiles) character file.

Game seed: 7555411133002625099, levelgen mode: deterministic

5700000 SkeletonJelly the Invulnerable (level 27, -92/273 HPs)
             Began as a Minotaur Fighter on Sept 25, 2021.
             Was the Champion of Makhleb.
             Annihilated by a sculptor of flesh
             ... wielding a +9 great sword
              (153 damage)
             ... in the Dungeon (Sprint VIII: "Arena of Blood").
             The game lasted 00:02:41 (57 turns).

SkeletonJelly the Invulnerable (Minotaur Fighter)     Turns: 57, Time: 00:02:41

Health: -92/273    AC: 13    Str: 30    XL:     27
Magic:  25/53      EV: 28    Int:  5    God:    Makhleb [******]
Gold:   0          SH:  0    Dex: 14    Spells: 80/80 levels left

rFire    . . .     SeeInvis .   l - +∞ Axe of Woe
rCold    . . .     Gourm    .   (shield currently unavailable)
rNeg     . . .     Faith    .   b - +0 scale mail
rPois    .         Spirit   .   (helmet restricted)
rElec    .         Reflect  .   (no cloak)
rCorr    .         Harm     .   (no gloves)
MR       ++...     NoTele   +   (no boots)
Stlth    ++++++++..             (no amulet)
HPRegen  0.55/turn              (no ring)
MPRegen  0.33/turn              (no ring)

@: no status effects
A: retaliatory headbutt, horns 2
a: Minor Destruction, Lesser Servant of Makhleb, Major Destruction, Greater
Servant of Makhleb, Renounce Religion


You were in the Dungeon.
You worshipped Makhleb.
Makhleb was exalted by your worship.
You were not hungry.

You visited 1 branch

Inventory:

Hand Weapons
 a - a +0 war axe
 l - the +∞ Axe of Woe (weapon)
   (You found it in the Dungeon)
Armour
 b - a +0 scale mail (worn)
 c - a +0 shield
Scrolls
 k - a scroll of blinking
Potions
 d - a potion of might
 e - a potion of curing
 g - a potion of heal wounds
 h - a potion of haste
 i - 2 potions of magic
 j - a potion of berserk rage
Comestibles
 f - a ration


   Skills:
 O Level 27 Fighting
 O Level 27 Axes
 O Level 27 Throwing
 O Level 27 Armour
 O Level 27 Dodging
 O Level 27 Stealth
 O Level 27 Shields
 O Level 27 Unarmed Combat
 O Level 27 Spellcasting
 O Level 27 Invocations


You had 80 spell levels left.
You didn't know any spells.
Your spell library was empty.

Dungeon Overview and Level Annotations

Branches:
Dungeon (1/1)

Altars:
Makhleb


Innate Abilities, Weirdness & Mutations

You reflexively headbutt those who attack you in melee.
You have a pair of horns on your head.


Message History

The meat berserker is engulfed in blazing flames.
You hear a shout!
A bag of meat comes into view. It is wielding a +9 war axe.
You hear a shout!
An accursed comes into view.
The eight-headed meat hydra calls on the powers of darkness!
The eight-headed meat hydra convulses!
Your body is wracked with pain!
* * * LOW HITPOINT WARNING * * *
The meat berserker convulses! x2; The large bag of meat convulses! x2
The bag of meat convulses!
The bag of meat shouts!
A sculptor of flesh comes into view. It is wielding a +9 great sword.
The tyrant waves its bony arms in wide circles.
The air twists around and strikes you!
* * * LOW HITPOINT WARNING * * *
A bag of meat comes into view. It is wielding a +9 war axe.
The sculptor of flesh is engulfed in blazing flames.
The sculptor of flesh hits you with a +9 great sword!!!!!
Ouch! That really hurt!
You die...

o.o...M...#.#.
.O...........
O.........L..
..zO....%...
...........
D...%..%%.
#z§...%.# #..
#@)°☼...#
§...###Oz)○...###.
...§.§§☼)###......
.#.§.§§°☼§_......
.XX.MxX#.))%%#...
.oXXLO.#_)<)_#
..XLXXX#)))%.#
.#XXXVz..._...%..
.X.......###......


You could see 2 accurseds, 2 tentacled monstrosities, 3 tyrants, an eight-headed
meat hydra, a destroyer (wandering), 4 sculptors of flesh, 2 large bags of meat,
7 large abominations, 3 meat berserkers, 2 bags of meat and a crawling corpse.

Vanquished Creatures
  10 vampire knights (D)
  14 ogres (D)
  5 two-headed ogres (D)
  A lich (D)
  41 orcs (D)
  2 skeletal warriors (D)
  5 large abominations (D)
  5 small abominations (D)
  4 crawling corpses (D)
87 creatures vanquished.

Vanquished Creatures (others)
  2 crawling corpses (D)
2 creatures vanquished.

Grand Total: 89 creatures vanquished

Notes
Turn   | Place    | Note
-------+----------+-------------------------------------------
     0 | D        | Found the +∞ Axe of Woe
     0 | D        | SkeletonJelly the Minotaur Fighter began the quest for the
                  | Orb.
     0 | D        | Reached XP level 1. HP: 19/19 MP: 0/0
     1 | D        | Noticed a bag of meat
     2 | D        | Noticed a meat berserker
     2 | D        | Noticed a meat berserker
     2 | D        | Noticed a bag of meat
     2 | D        | Noticed a bag of meat
     2 | D        | Noticed a bag of meat
     3 | D        | Noticed a bag of meat
     3 | D        | Noticed a bag of meat
     4 | D        | Noticed a bag of meat
     4 | D        | Noticed a bag of meat
     5 | D        | Noticed a bag of meat
     7 | D        | Killed a meat berserker
     7 | D        | Reached XP level 2. HP: 12/55 MP: 1/1
     7 | D        | Reached XP level 3. HP: 14/62 MP: 2/2
     7 | D        | Reached XP level 4. HP: 16/70 MP: 3/3
     7 | D        | Reached XP level 5. HP: 17/77 MP: 4/4
     7 | D        | Reached XP level 6. HP: 19/85 MP: 5/5
     7 | D        | Reached XP level 7. HP: 21/92 MP: 6/6
     7 | D        | Reached XP level 8. HP: 23/101 MP: 7/7
     7 | D        | Reached XP level 9. HP: 24/107 MP: 8/8
     7 | D        | Reached XP level 10. HP: 26/115 MP: 9/9
     7 | D        | Reached XP level 11. HP: 28/123 MP: 10/10
     7 | D        | Reached XP level 12. HP: 29/130 MP: 11/11
     7 | D        | Reached XP level 13. HP: 31/138 MP: 12/12
     7 | D        | Killed a bag of meat
     7 | D        | Noticed a bag of meat
     7 | D        | Noticed a meat berserker
     8 | D        | Killed a meat berserker
     8 | D        | Reached XP level 14. HP: 36/157 MP: 13/13
     9 | D        | Killed a bag of meat
     9 | D        | Reached XP level 15. HP: 39/168 MP: 14/14
    11 | D        | Reached skill level 27 in Fighting
    11 | D        | Reached skill level 27 in Axes
    11 | D        | Reached skill level 27 in Armour
    11 | D        | Reached skill level 27 in Shields
    11 | D        | Reached XP level 16. HP: 43/183 MP: 15/15
    11 | D        | Reached skill level 10 in Stealth
    11 | D        | Reached skill level 15 in Dodging
    12 | D        | Noticed a meat berserker
    12 | D        | Reached skill level 15 in Stealth
    12 | D        | Reached XP level 17. HP: 46/191 MP: 16/16
    14 | D        | Killed a meat berserker
    14 | D        | Reached XP level 18. HP: 48/200 MP: 17/17
    15 | D        | Killed a meat berserker
    15 | D        | Reached skill level 27 in Dodging
    18 | D        | Became a worshipper of Makhleb the Destroyer
    18 | D        | Noticed a meat berserker
    18 | D        | Noticed a meat berserker
    19 | D        | Reached skill level 27 in Stealth
    20 | D        | Noticed a destroyer
    21 | D        | Reached * piety under Makhleb
    21 | D        | Reached XP level 19. HP: 19/207 MP: 17/30
    21 | D        | Killed a meat berserker
    21 | D        | Reached skill level 27 in Invocations
    21 | D        | Reached skill level 1 in Throwing
    21 | D        | Reached skill level 1 in Unarmed Combat
    21 | D        | Noticed a destroyer
    23 | D        | Reached ** piety under Makhleb
    24 | D        | Noticed a meat berserker
    25 | D        | Killed a meat berserker
    25 | D        | Reached XP level 20. HP: 109/216 MP: 18/36
    26 | D        | Noticed a meat berserker
    26 | D        | Noticed a meat berserker
    27 | D        | Noticed a meat berserker
    27 | D        | Noticed a large bag of meat
    27 | D        | Noticed a meat berserker
    27 | D        | Noticed a destroyer
    28 | D        | Killed a meat berserker
    28 | D        | Reached *** piety under Makhleb
    28 | D        | Killed a destroyer
    28 | D        | Reached XP level 21. HP: 177/224 MP: 18/40
    29 | D        | Killed a destroyer
    29 | D        | Noticed a destroyer
    30 | D        | Reached **** piety under Makhleb
    30 | D        | Reached skill level 27 in Throwing
    30 | D        | Reached skill level 27 in Unarmed Combat
    30 | D        | Reached XP level 22. HP: 233/233 MP: 19/47
    30 | D        | Killed a destroyer
    31 | D        | Reached skill level 27 in Spellcasting
    31 | D        | Reached ***** piety under Makhleb
    32 | D        | Reached XP level 23. HP: 240/240 MP: 19/53
    32 | D        | Noticed a destroyer
    34 | D        | Noticed a large bag of meat
    35 | D        | Reached ****** piety under Makhleb
    35 | D        | Reached XP level 24. HP: 249/249 MP: 20/53
    35 | D        | Noticed a destroyer
    37 | D        | Killed a large bag of meat
    37 | D        | Noticed a large bag of meat
    38 | D        | Noticed a large bag of meat
    39 | D        | Reached XP level 25. HP: 257/257 MP: 21/53
    39 | D        | Noticed a destroyer
    40 | D        | Killed a destroyer
    40 | D        | Noticed a large bag of meat
    41 | D        | Killed a destroyer
    41 | D        | Reached XP level 26. HP: 266/266 MP: 21/53
    42 | D        | Noticed a destroyer
    42 | D        | Killed a destroyer
    43 | D        | Killed a destroyer
    43 | D        | Reached XP level 27. HP: 273/273 MP: 22/53
    43 | D        | Noticed a tyrant
    43 | D        | Noticed a destroyer
    44 | D        | Killed a large bag of meat
    46 | D        | Noticed an accursed
    47 | D        | Killed a large bag of meat
    48 | D        | Killed a destroyer
    48 | D        | Killed a large bag of meat
    48 | D        | Noticed a tyrant
    48 | D        | Noticed a destroyer
    50 | D        | Killed a destroyer
    51 | D        | Killed a large bag of meat
    51 | D        | Noticed a tyrant
    55 | D        | Killed a tyrant
    55 | D        | Killed a destroyer
    56 | D        | Noticed a tyrant
    56 | D        | Noticed a destroyer
    57 | D        | Noticed a large bag of meat
    57 | D        | Noticed a large bag of meat
    57 | D        | Noticed an accursed
    57 | D        | Annihilated by a sculptor of flesh

Levels and vault maps discovered:
D:        meatsprint

Skill      XL: |  1  2  3  4  5  6  7  8  9 10 11 12 13 14 15 16 17 18 19 20 21 22 |
---------------+-------------------------------------------------------------------+-----
Fighting       | 19 23 24 27 | 27.0
Axes           | 19 23 24 27 | 27.0
Armour         | 19 23 24 27 | 27.0
Shields        | 19 23 24 27 | 27.0
Dodging        | 2 18 25 27 | 27.0
Stealth        | 2 15 22 27 | 27.0
Invocations    | 17 27 | 27.0
Throwing       | 16 22 27 | 27.0
Unarmed Combat | 17 24 27 | 27.0
Spellcasting   | 12 16 22 27 | 27.0

Action                   |  1- 3 |  4- 6 |  7- 9 | 10-12 | 13-15 | 16-18 | 19-21 | 22-24 | 25-27 || total
-------------------------+-------+-------+-------+-------+-------+-------+-------+-------+-------++-------
Melee: Executioner's axe |     1 |       |       |       |     3 |     6 |     5 |     8 |    16 ||    39
Armor: Scale mail        |       |       |       |       |       |       |       |       |     1 ||     1
Dodge: Dodged            |     1 |       |       |       |     1 |       |     1 |       |     1 ||     4
